 Dungeon Crawl Stone Soup version 0.24.0-13-gcf9b319 (webtiles) character file.

Game seed: 7086189432895479289, levelgen mode: deterministic

23688 pkoi the Fighter (level 12, -12/115 HPs)
             Began as a Minotaur Hunter on Nov 18, 2019.
             Was a High Priest of Dithmenos.
             Mangled by a komodo dragon (28 damage)
             ... on level 4 of the Lair of Beasts.
             The game lasted 00:42:41 (17082 turns).

pkoi the Fighter (Minotaur Hunter)                 Turns: 17082, Time: 00:42:42

Health: -12/115    AC: 15    Str: 29    XL:     12   Next: 74%
Magic:  11/11      EV: 15    Int:  8    God:    Dithmenos [*****.]
Gold:   811        SH:  0    Dex: 10    Spells: 11/11 levels left

rFire    + . .     SeeInvis .   b - +1 great sword (flame)
rCold    . . .     Gourm    .   (shield currently unavailable)
rNeg     . . .     Faith    .   e - +2 leather armour {rF+}
rPois    .         Spirit   .   (helmet restricted)
rElec    .         Reflect  .   z - +0 cloak
rCorr    .         Harm     .   r - +1 pair of gloves
MR       .....                  v - +0 pair of boots
Stlth    +++++.....             (no amulet)
HPRegen  0.29/turn              x - +6 ring of strength
MPRegen  0.12/turn              s - +4 ring of protection

@: berserk cooldown, slowed, wreathed by umbra, very slow
A: retaliatory headbutt, horns 2
a: Shadow Step, Shadow Form, Renounce Religion


You were on level 4 of the Lair of Beasts.
You worshipped Dithmenos.
Dithmenos was extremely pleased with you.
You were not hungry.

You visited 2 branches of the dungeon, and saw 13 of its levels.
You also visited: Ossuary, Gauntlet and Volcano.

You collected 822 gold pieces.
You spent 11 gold pieces at shops.

Inventory:

Hand Weapons
 a - a +1 hand crossbow
 b - a +1 great sword of flaming (weapon)
 H - a +2 whip of venom
 K - a +1 scimitar of flaming
Missiles
 d - 59 bolts
Armour
 e - a +2 leather armour of fire resistance (worn)
 r - a +1 pair of gloves (worn)
 v - a +0 pair of boots (worn)
 z - a +0 cloak (worn)
Jewellery
 g - an uncursed ring of protection from cold
 s - a +4 ring of protection (right hand)
 x - a +6 ring of strength (left hand)
 y - an uncursed ring of resist corrosion
Wands
 q - a wand of disintegration (33)
 A - a wand of acid (17)
 F - a wand of digging (10)
 J - a wand of iceblast (8)
 Q - a wand of paralysis (3)
 R - a wand of scattershot (7)
Scrolls
 h - 5 scrolls of identify
 l - a scroll of summoning
 o - 2 scrolls of enchant armour
 p - 4 scrolls of fog
 t - 5 scrolls of remove curse
 u - 2 scrolls of fear
 D - 2 scrolls of blinking
 E - a scroll of amnesia
 G - 2 scrolls of teleportation
 N - a scroll of magic mapping
Potions
 i - 3 potions of heal wounds
 j - 8 potions of curing
 k - a potion of magic
 m - 6 potions of might
 n - a potion of brilliance
 w - 4 potions of flight
 B - 6 potions of agility
 C - a potion of cancellation
Miscellaneous
 T - a lightning rod (4/4)
Comestibles
 c - 2 chunks of flesh
 f - 24 rations


   Skills:
 + Level 13.5 Fighting
 + Level 5.2 Long Blades
 + Level 13.0 Crossbows
 + Level 8.5 Armour
 + Level 8.6 Dodging
 + Level 8.2 Stealth


You had 11 spell levels left.
You didn't know any spells.
Your spell library contained the following spells:

 Spells                   Type           Power        Failure   Level  Hunger
 Animate Skeleton         Necr           N/A          43%         1    ##.....
 Pain                     Necr           #...         43%         1    ##.....
 Sting                    Conj/Pois      #...         43%         1    ##.....
 Poisonous Vapours        Pois/Air       #.....       58%         2    ###....
 Mephitic Cloud           Conj/Pois/Air  #.......     82%         3    ####...
 Recall                   Summ/Tloc      N/A          82%         3    ####...
 Regeneration             Chrm/Necr      #.........   82%         3    ####...
 Vampiric Draining        Necr           #.........   82%         3    ####...
 Animate Dead             Necr           N/A          99%         4    #####..
 Olgreb's Toxic Radiance  Pois           #.......     99%         4    #####..
 Aura of Abjuration       Summ           #.........   100%        5    ######.
 Summon Demon             Summ           #.........   100%        5    ######.
 Summon Forest            Summ/Tloc      #.........   100%        5    ######.
 Summon Mana Viper        Hex/Summ       #.......     100%        5    ######.
 Venom Bolt               Conj/Pois      #.........   100%        5    ######.
 Shadow Creatures         Summ           N/A          100%        6    #######


Dungeon Overview and Level Annotations

Branches:
Dungeon (9/15)             Temple (0/1) D:7            Lair (4/6) D:8
 Shoals (0/4) Lair:2          Orc (0/2) D:9         Ossuary (visited)
Volcano (visited)         Gauntlet (visited)
  Snake: Lair:2-4    Spider: Lair:2-4

Altars:
Ashenzari
Dithmenos
Elyvilon
Gozag
Kikubaaqudgha
Makhleb
Qazlal
Vehumet
Wu Jian
Zin

Shops:
D:4 *   D:8 }

Annotations:
D:7 Joseph


Innate Abilities, Weirdness & Mutations

You reflexively headbutt those who attack you in melee.
You have a pair of horns on your head.


Message History

There is an empty arch of ancient stone here.
The komodo dragon misses you. The basilisk gazes at you.
You resist with some effort.
There is a stone staircase leading down here.
The komodo dragon bites you!
* * * LOW HITPOINT WARNING * * *
The komodo dragon completely misses you.
You climb downwards.
Found a robe, 24 gold pieces and a bone dagger.
There is a stone staircase leading up here.
Unknown command.
Your +1 great sword of flaming bursts into flame!
b - a +1 great sword of flaming (weapon)
The komodo dragon misses you.
You slice the komodo dragon!! You burn the komodo dragon.
The komodo dragon is severely wounded.
Your shadow barely misses the komodo dragon.
The komodo dragon bites you!!
You die...

#.... ....
#... ...
..####
##.⌠..#
#.l..$##
#⌠.@.⌠.#
#...[.#....
#...)## .
###+.# ..
.#. .#. ..
.


You could see a komodo dragon.

Vanquished Creatures
  A minotaur (Gauntlet)
  A great orb of eyes (Gauntlet)
  A hydra (Lair:2)
  2 two-headed ogres (D:9)
  A centaur warrior (Volcano)
  2 death yaks (Lair:2)
  Sonja (Lair:3)
  A hell knight (Volcano)
  An unseen horror (D:8)
  Pikel (D:6)
  An ugly thing (Gauntlet)
  A manticore (shapeshifter) (Gauntlet)
  A black mamba (Lair:1)
  4 spiny frogs
  A yaktaur (shapeshifter) (Gauntlet)
  2 komodo dragons
  A rime drake (Lair:3)
  A queen bee (D:9)
  Prince Ribbit (D:6)
  6 blink frogs
  A hippogriff (Lair:1)
  5 yaks (D:8)
  2 shadows (Gauntlet)
  2 basilisks
  Grum (D:8)
  Menkaure (D:5)
  2 water moccasins
  13 porcupines
  3 orc warriors
  4 ice beasts
  A sky beast (D:9)
  A black bear (D:8)
  2 eyes of draining (D:8)
  4 phantoms
  7 necrophages (Lair:2)
  5 ogres
  13 centaurs
  6 wolves
  7 crocodiles
  2 big kobolds
  Blork the orc (D:6)
  12 bullfrogs
  A gnoll sergeant (D:4)
  2 scorpions
  2 troll zombies (D:9)
  A water moccasin skeleton (D:4)
  13 killer bees (D:9)
  An electric eel (Lair:1)
  4 crimson imps
  A bullfrog zombie (D:6)
  3 hounds
  4 orc priests
  A jelly (D:9)
  3 bullfrog skeletons
  Crazy Yiuf (D:6)
  6 gnoll shamans (D:4)
  6 orc wizards
  3 centaur skeletons
  6 iguanas
  8 worker ants
  A killer bee zombie (D:8)
  6 ogre zombies (D:9)
  8 big kobold zombies (Ossuary)
  A hound zombie (D:7)
  A mummy (Ossuary)
  A worker ant zombie (D:8)
  10 adders
  31 gnolls
  2 shadow imps
  An ooze (D:1)
  An adder zombie (D:6)
  3 adder skeletons
  4 worms
  2 dart slugs (D:1)
  5 leopard geckos
  24 orcs
  6 spectral bats (Ossuary)
  3 giant cockroaches
  4 gnoll zombies (Ossuary)
  9 goblins
  8 hobgoblins
  26 jackals
  14 kobolds
  9 quokkas
  2 ball pythons
  10 bats
  4 bat simulacra (Ossuary)
  4 frilled lizards
  2 goblin simulacra (Ossuary)
  2 goblin skeletons (D:9)
  7 goblin zombies
  A hobgoblin skeleton (D:9)
  4 hobgoblin zombies
  A jackal skeleton (D:8)
  4 kobold simulacra (Ossuary)
  8 kobold zombies (Ossuary)
  4 orc skeletons (D:9)
  17 orc zombies
  8 rats
  2 rat simulacra (Ossuary)
  2 spectral goblins (Ossuary)
  2 spectral kobolds (Ossuary)
  5 spectral rats (Ossuary)
461 creatures vanquished.

Vanquished Creatures (collateral kills)
  A water moccasin (Lair:1)
1 creature vanquished.

Vanquished Creatures (others)
  A slave (D:6)
  A worker ant (D:6)
  An adder (D:6)
  2 orcs (D:6)
  3 fungi
  7 plants (D:8)
15 creatures vanquished.

Grand Total: 477 creatures vanquished

Notes
Turn   | Place    | Note
-------+----------+-------------------------------------------
     0 | D:1      | pkoi the Minotaur Hunter began the quest for the Orb.
     0 | D:1      | Reached XP level 1. HP: 18/18 MP: 0/0
    37 | D:1      | Reached XP level 2. HP: 22/25 MP: 1/1
   431 | D:1      | Reached XP level 3. HP: 22/31 MP: 2/2
   985 | D:2      | Reached skill level 5 in Crossbows
  1365 | D:3      | Reached XP level 4. HP: 37/38 MP: 3/3
  2704 | D:4      | Reached XP level 5. HP: 42/47 MP: 4/4
  2915 | D:4      | Reached skill level 5 in Fighting
  2952 | D:4      | Reached XP level 6. HP: 40/56 MP: 5/5
  3320 | D:4      | Found Rery's General Store.
  3323 | D:4      | Bought a potion of degeneration for 11 gold pieces
  3407 | D:4      | Found an ornate altar of the Wu Jian Council.
  3407 | D:4      | Found an ancient bone altar of Kikubaaqudgha.
  3465 | D:4      | Found an opulent altar of Gozag.
  3607 | D:4      | Reached XP level 7. HP: 63/63 MP: 6/6
  4949 | D:4      | Found a glowing silver altar of Zin.
  5009 | D:4      | Found a shattered altar of Ashenzari.
  5035 | D:5      | Entered Level 5 of the Dungeon
  5041 | D:5      | Reached XP level 8. HP: 74/74 MP: 7/7
  5154 | D:5      | Found a radiant altar of Vehumet.
  5186 | D:5      | Found a burning altar of Makhleb.
  5291 | D:5      | Noticed Menkaure
  5300 | D:5      | Killed Menkaure
  5707 | D:6      | Noticed Pikel
  5896 | D:6      | Found a shadowy altar of Dithmenos.
  5931 | D:6      | Became a worshipper of Dithmenos the Shadowed
  5996 | D:6      | Noticed Prince Ribbit
  6014 | D:6      | Reached skill level 1 in Stealth
  6016 | D:6      | Killed Pikel
  6016 | D:6      | Reached XP level 9. HP: 44/85 MP: 8/8
  6054 | D:6      | Killed Prince Ribbit
  6149 | D:6      | Found a runed translucent door.
  6150 | D:6      | Noticed Crazy Yiuf
  6220 | D:6      | Reached skill level 10 in Fighting
  6220 | D:6      | Reached skill level 10 in Crossbows
  6427 | D:6      | Noticed Blork the orc
  6430 | D:6      | Killed Blork the orc
  6818 | D:6      | Killed Crazy Yiuf
  6948 | D:7      | Found a staircase to the Ecumenical Temple.
  6965 | D:7      | Reached * piety under Dithmenos
  7183 | D:7      | Found a sand-covered staircase.
  7183 | D:7      | Noticed Joseph
  7188 | Ossuary  | Entered an ossuary
  7530 | Ossuary  | Reached ** piety under Dithmenos
  8023 | D:7      | Reached *** piety under Dithmenos
  8643 | D:8      | Reached skill level 1 in Armour
  8643 | D:8      | Reached skill level 5 in Stealth
  8643 | D:8      | Reached XP level 10. HP: 86/95 MP: 9/9
  8739 | D:8      | Found a staircase to the Lair.
  8979 | D:8      | Killed an unseen horror
  9344 | D:8      | Reached skill level 5 in Dodging
  9494 | D:8      | Noticed Grum
  9511 | D:8      | Killed Grum
  9816 | D:8      | Reached **** piety under Dithmenos
  9945 | D:8      | Found Odiplue's Gadget Boutique.
 10203 | D:9      | Noticed a two-headed ogre
 10207 | D:9      | Killed a two-headed ogre
 10300 | D:9      | Found a staircase to the Orcish Mines.
 10323 | D:9      | Reached XP level 11. HP: 89/104 MP: 10/10
 10397 | D:9      | Reached ***** piety under Dithmenos
 10524 | D:9      | Reached skill level 5 in Armour
 10662 | D:9      | Noticed a two-headed ogre
 10671 | D:9      | Killed a two-headed ogre
 11247 | D:9      | Found a white marble altar of Elyvilon.
 11777 | Lair:1   | Entered Level 1 of the Lair of Beasts
 12042 | Lair:1   | Found a dark tunnel.
 12055 | Volcano  | Entered a volcano
 12071 | Volcano  | Noticed a centaur warrior
 12084 | Volcano  | Killed a centaur warrior
 12156 | Volcano  | Noticed a hell knight
 12167 | Volcano  | Killed a hell knight
 12455 | Lair:1   | Reached skill level 1 in Long Blades
 12997 | Lair:2   | Noticed a death yak
 12997 | Lair:2   | Noticed a death yak
 13153 | Lair:2   | Reached XP level 12. HP: 113/113 MP: 11/11
 13228 | Lair:2   | Noticed an eight-headed hydra
 13237 | Lair:2   | Killed a four-headed hydra
 13663 | Lair:2   | Killed a death yak
 13781 | Lair:2   | Killed a death yak
 13864 | Lair:2   | Noticed a death yak
 13864 | Lair:2   | Noticed a death yak
 14047 | Lair:2   | Found a stormy altar of Qazlal.
 14160 | Lair:2   | Found a staircase to the Shoals.
 14586 | Lair:3   | Found a gate leading to a gauntlet.
 14595 | Gauntlet | Entered a Gauntlet
 14595 | Gauntlet | Found a transporter.
 14602 | Gauntlet | Found a transporter.
 14604 | Gauntlet | Found a transporter.
 14613 | Gauntlet | Found a transporter.
 14615 | Gauntlet | Found a transporter.
 14617 | Gauntlet | Noticed a death ooze
 14627 | Gauntlet | Found a transporter.
 14642 | Gauntlet | Found a transporter.
 14645 | Gauntlet | Found the +2 cloak of the Thief {+Fog Slay-2 SInv Stlth+}
 14652 | Gauntlet | Found a transporter.
 14662 | Gauntlet | Found a transporter.
 14667 | Gauntlet | Found a transporter.
 14694 | Gauntlet | Found a transporter.
 14695 | Gauntlet | Found a transporter.
 14747 | Gauntlet | Found a transporter.
 14750 | Gauntlet | Found a transporter.
 14750 | Gauntlet | Found a runed translucent door.
 14751 | Gauntlet | Noticed a great orb of eyes
 15283 | Gauntlet | Killed a great orb of eyes
 15597 | Gauntlet | Got a pitted ivory ring
 15598 | Gauntlet | Noticed a death yak
 15603 | Gauntlet | Identified the ring of Jividghu {*Contam rElec rPois Str-5
                  | Int+9} (You found it in a Gauntlet)
 15604 | Gauntlet | Noticed a minotaur
 15604 | Gauntlet | a death yak changed into a minotaur
 15608 | Gauntlet | Noticed a minotaur
 15617 | Gauntlet | Killed a minotaur
 15642 | Gauntlet | Got an ancient cloak
 15688 | Lair:3   | Identified the cursed -1 cloak of Good Intentions {+Blink
                  | rF+} (You found it in a Gauntlet)
 16050 | Lair:3   | Noticed Sonja
 16625 | Lair:3   | Reached skill level 5 in Long Blades
 16885 | Lair:3   | Killed Sonja
 17082 | Lair:4   | Mangled by a komodo dragon

Levels and vault maps discovered:
D:1:      scummos_arrival_simple_crosswalls, layout_rooms
D:2:      layout_basic
D:3:      wad_lake_hut, layout_basic, first_ration
D:4:      lemuel_castle_with_subvaults [lemuel_castle_interior_carwin_3],
          layout_rooms, lemuel_round_altar, kennysheep_mini_moat, minitemple,
          serial_shops, nicolae_shop_behind_doors
D:5:      layout_basic, fiery_altar_vehumet, makhleb_heckhound_becter,
          uniq_menkaure
D:6:      layout_basic, nicolae_dithmenos_shadow_blocks,
          uniq_crazy_yiuf_cottage, uniq_blork_the_orc, uniq_prince_ribbit1,
          uniq_pikel
D:7:      layout_rooms, minmay_temple_entry_mini_moons, enter_ossuary_2,
          uniq_joseph
D:8:      layout_loops_corners, minmay_lair_entry_grove, serial_shops, shop,
          uniq_grum
D:9:      layout_long_grid, zombieorc2_lemuel, david_nohive_1,
          lemuel_centaur_altar
Lair:1:   layout_chaotic_city, nicolae_volcano_entry_hallway,
          serial_bayou_shore_a
Lair:2:   layout_roguey, shoals_dummy_entry, basic_altar, roderic_carrion_pond,
          grunt_megastairs_3
Lair:3:   beast_lair_carwin_large_1, layout_gridlike, gauntlet_entry_generic,
          uniq_sonja
Lair:4:   layout_long_grid, spider_nest_entry_web_field, serial_bayou_pond_e,
          serial_bayou_shore_b, grunt_megastairs_1

Skill      XL: |  1  2  3  4  5  6  7  8  9 10 11 12 |
---------------+-------------------------------------+-----
Fighting       | 3 4 5 6 7 9 11 12 13 | 13.5
Dodging        | 3 5 7 8 |  8.6
Crossbows      | 5 6 7 8 9 10 11 12 13 | 13.0
Stealth        | 2 5 6 7 8 |  8.2
Armour         | 1 4 7 8 |  8.5
Long Blades    | 2 5 |  5.2

Action                   |  1- 3 |  4- 6 |  7- 9 | 10-12 || total
-------------------------+-------+-------+-------+-------++-------
Melee: Mace              |    75 |    51 |    11 |       ||   137
       Headbutt          |     8 |     8 |    84 |    52 ||   152
       Whip              |       |       |   384 |   126 ||   510
       Great sword       |       |       |       |    73 ||    73
 Fire: Hand crossbow     |    35 |    60 |    99 |   459 ||   653
Throw: Dart              |       |       |       |     3 ||     3
  Use: Scroll            |       |     9 |     1 |    11 ||    21
       Potion            |       |     5 |     1 |     4 ||    10
 Stab: Sleeping          |     2 |       |    15 |     6 ||    23
  Eat: Chunk             |     1 |     8 |    13 |    19 ||    41
       Ration            |       |       |     1 |     2 ||     3
Armor: Leather armour    |    20 |    32 |   150 |   131 ||   333
Dodge: Dodged            |    95 |    64 |   261 |   283 ||   703
       Rpst.: Great sword |       |       |       |    21 ||    21
